 Dungeon Crawl Stone Soup version 0.29.0-15-g675c0067aa (webtiles) character file.

Game seed: 6614950543427692275

818 qw the Chopper (level 7, -1/44 HPs)
             Began as a Gargoyle Fighter on Sept 13, 2022.
             Was an Initiate of Okawaru.
             Slain by Pikel
             ... wielding a +0 whip of flaming
              (7 damage)
             ... on level 5 of the Dungeon.
             The game lasted 00:02:19 (5644 turns).

qw the Chopper (Gargoyle Fighter)                   Turns: 5644, Time: 00:02:19

Health: -1/44      AC: 13    Str: 22    XL:     7   Next: 94%
Magic:  7/7        EV:  9    Int:  8    God:    Okawaru [......]
Gold:   105        SH:  4    Dex:  9    Spells: 6/6 levels left

rFire   . . .      SeeInvis .   Y - +2 war axe
rCold   . . .      Faith    .   c - +0 buckler
rNeg    + . .      Spirit   .   b - +0 scale mail
rPois   inf        Reflect  .   i - +0 helmet
rElec   +          Harm     .   e - +0 cloak
rCorr   .          Rampage  .   (no gloves)
Will    +....                   (no boots)
Stlth   ..........              (no amulet)
HPRegen 0.14/turn               (no ring)
MPRegen 0.10/turn               (no ring)

@: about to teleport
A: sickness immunity, AC +4, negative energy resistance 1, electricity
resistance, torment resistance 1, petrification resistance, strong-willed 1
a: Renounce Religion


You were on level 5 of the Dungeon.
You worshipped Okawaru.
Okawaru was noncommittal.
You visited 2 branches of the dungeon, and saw 6 of its levels.
You also visited: Sewer.

You collected 146 gold pieces.
You spent 41 gold pieces at shops.


Innate Abilities, Weirdness & Mutations

You are immune to sickness and miasma.
Your stone body is resilient. (AC +4)
You are immune to poison.
You resist negative energy. (rN+)
You are resistant to electric shocks. (rElec)
You are resistant to unholy torment.
You are immune to petrification.
You are strong-willed. (Will+)


   Skills:
 - Level 5.1 Fighting
 + Level 7.1 Axes
 - Level 3.2 Armour
 - Level 1.2 Dodging
 - Level 3.2 Shields


You had 6 spell levels left.
You didn't know any spells.
Your spell library was empty.

Inventory:

Hand Weapons
 k - a +0 vampiric whip
 Y - a +2 war axe (weapon)
Armour
 b - a +0 scale mail (worn)
 c - a +0 buckler (worn)
 e - a +0 cloak (worn)
 i - a +0 helmet (worn)
Scrolls
 f - a scroll of identify
 j - a scroll of teleportation
Potions
 d - 4 potions of might
 g - a potion of attraction
 l - 3 potions of heal wounds
 m - a potion of mutation
 n - a potion of curing {unknown}
 o - a potion of flight {unknown}

Dungeon Overview and Level Annotations

Branches:
Dungeon (5/15)             Temple (1/1) D:4           Sewer (visited)

Altars:
Ashenzari
Cheibriados
Dithmenos
Elyvilon
Fedhas
Gozag
Hepliaklqana
Kikubaaqudgha
Makhleb
Nemelex Xobeh
Okawaru
Qazlal
Ru
Sif Muna
Trog
Uskayaw
Vehumet
Wu Jian
Yredelemnul
Zin
The Shining One

Shops:
D:3 *

Annotations:
D:5 Pikel


Message History

You hit the lemure.
You kill the lemure!
That felt strangely unrewarding.
You hit the lemure. You hit the lemure but do no damage. You hit Pikel.
The lemure hits you. Pikel misses you. The lemure hits you but does no damage.
You miss Pikel.
Pikel is heavily wounded.
You barely miss the lemure. You closely miss the lemure. The lemure hits you.
Pikel drinks a potion.
Pikel seems to speed up.
The lemure closely misses you.
You barely miss Pikel.
Pikel is heavily wounded.
You hit the lemure. You slash the lemure!
Pikel hits you with a +0 whip of flaming.
Pikel burns you.
The lemure hits you but does no damage. x2
Pikel hits you but does no damage.
You slash Pikel!
Pikel is severely wounded.
You hit the lemure. You closely miss the lemure. You block Pikel's attack.
The lemure hits you but does no damage. x2
Pikel closely misses you.
You slash Pikel!
Pikel is almost dead.
You hit the lemure. You slash the lemure!
The lemure hits you but does no damage. x2
Pikel hits you with a +0 whip of flaming.
Pikel burns you. The lemure hits you but does no damage.
The lemure barely misses you.
You closely miss Pikel.
Pikel is almost dead.
You hit the lemure.
You kill the lemure!
That felt strangely unrewarding.
You barely miss the lemure.
Pikel hits you with a +0 whip of flaming.
Pikel burns you. You block Pikel's attack. The lemure misses you.
5644 ||| READING 2 scrolls of teleportation.
As you read the scroll of teleportation, it crumbles to dust.
You feel strangely unstable.
Pikel hits you with a +0 whip of flaming!
You die...

... ...........#
..................######
..............................
.......................#######
......................%#####
...........................#
......................####.#
...........................#
.........?....K@.............#
.........)...5..............#
#......>................##+#.#
#...$...................# #
##.......................#
.............[.............
......#.........#####...#...
......#.........# #...#...
#..............#


You could see Pikel (fast) and a lemure.

Vanquished Creatures
  2 phantoms (D:5)
  2 kobold brigands (Sewer)
  3 lemures (D:5)
  A necrophage (D:3)
  A scorpion (D:4)
  A jelly (D:5)
  A hound (D:5)
  An iguana (D:4)
  Natasha (twice) (D:4)
  An orc wizard (D:4)
  Robin (D:2)
  7 adders
  4 gnolls
  3 worms
  2 dart slugs
  7 orcs (D:3)
  5 ball pythons
  9 endoplasms
  4 giant cockroaches
  12 hobgoblins
  2 jackals (D:3)
  22 kobolds
  A quokka (D:2)
  10 bats
  2 frilled lizards (D:2)
  17 goblins
  9 rats
132 creatures vanquished.

Vanquished Creatures (others)
  8 plants (Sewer)
8 creatures vanquished.

Grand Total: 140 creatures vanquished

Notes
Turn   | Place    | Note
-------+----------+-------------------------------------------
     0 | D:1      | qw the Gargoyle Fighter began the quest for the Orb.
     0 | D:1      | Reached XP level 1. HP: 14/14 MP: 1/1
     0 | D:1      | 0 ||| qw: Version: 0.1-a-119-g272c26d
     0 | D:1      | 0 ||| qw: Game counter: 11066
     0 | D:1      | 0 ||| qw: Always use a shield: true
     0 | D:1      | 0 ||| qw: God list: Okawaru
     0 | D:1      | 0 ||| qw: Allow faded altars: false
     0 | D:1      | 0 ||| qw: Do Orc after D:15 true
     0 | D:1      | 0 ||| qw: Do second Lair branch before Depths: true
     0 | D:1      | 0 ||| qw: Lair rune preference: random
     0 | D:1      | 0 ||| qw: Plans: Normal, Zot, God:TSO, Crypt, Tomb, Pan,
                  | Slime, Hells, Zig, Abyss, Orb
     0 | D:1      | 0 ||| PLANNING D:1-11
    30 | D:1      | Reached skill level 2 in Axes
    81 | D:1      | 81 ||| Stepping ~*~*~tactically~*~*~ (stealth).
    82 | D:1      | 82 ||| Stepping ~*~*~tactically~*~*~ (stealth).
    90 | D:1      | Reached XP level 2. HP: 17/19 MP: 2/2
   438 | D:1      | Reached skill level 3 in Axes
   651 | D:1      | 651 ||| Stepping ~*~*~tactically~*~*~ (stealth).
   658 | D:1      | Reached XP level 3. HP: 23/23 MP: 3/3
  1163 | D:1      | Found a faded altar of an unknown god.
  1164 | D:1      | 1164 ||| READING scroll labelled SIYRIF KOTZ.
  1165 | D:1      | 1165 ||| READING 2 scrolls labelled QACSIW WUTIPEING.
  1166 | D:1      | 1166 ||| READING scroll labelled JUGEUPHIAJO.
  1167 | D:1      | 1167 ||| READING 2 scrolls labelled YPHAOSAXI.
  1224 | D:2      | 1224 ||| STAIRDANCE
  1253 | D:2      | Reached XP level 4. HP: 26/28 MP: 4/4
  1400 | D:2      | Reached skill level 4 in Axes
  1701 | D:2      | Noticed Robin
  1702 | D:2      | 1702 ||| Stepping ~*~*~tactically~*~*~ (stealth).
  1708 | D:2      | Killed Robin
  1750 | D:2      | Reached XP level 5. HP: 32/32 MP: 5/5
  1973 | D:2      | 1973 ||| Stepping ~*~*~tactically~*~*~ (stealth).
  1974 | D:2      | 1974 ||| Stepping ~*~*~tactically~*~*~ (stealth).
  2159 | D:2      | 2159 ||| UPGRADING to +0 cloak.
  2164 | D:2      | 2164 ||| UPGRADING to +0 helmet.
  2169 | D:2      | 2169 ||| READING scroll labelled ALAYNWAMOI.
  2170 | D:2      | 2170 ||| READING scroll labelled SAL UMPISUAPH.
  2171 | D:2      | 2171 ||| DRINKING 2 sedimented orange potions.
  2172 | D:2      | 2172 ||| DRINKING 2 bubbling clear potions.
  2173 | D:2      | 2173 ||| DRINKING 2 viscous pink potions.
  2174 | D:2      | 2174 ||| READING 3 scrolls of identify.
  2174 | D:2      | 2174 ||| IDENTIFYING red potion
  2175 | D:2      | 2175 ||| READING 2 scrolls of identify.
  2175 | D:2      | 2175 ||| IDENTIFYING black potion
  2176 | D:2      | 2176 ||| DROPPING potion of degeneration.
  2177 | D:2      | 2177 ||| DROPPING potion of magic.
  2178 | D:2      | 2178 ||| DROPPING potion of brilliance.
  2187 | D:3      | 2187 ||| PLANNING SEWER
  2313 | D:3      | Found a glowing drain.
  2316 | D:3      | 2316 ||| FLEEEEING.
  2317 | D:3      | 2317 ||| FLEEEEING.
  2318 | D:3      | 2318 ||| FLEEEEING.
  2336 | D:3      | 2336 ||| FLEEEEING.
  2338 | D:3      | 2338 ||| FLEEEEING.
  2341 | D:3      | 2341 ||| FLEEEEING.
  2360 | D:3      | 2360 ||| FLEEEEING.
  2368 | D:3      | 2368 ||| FLEEEEING.
  2369 | D:3      | 2369 ||| FLEEEEING.
  2373 | D:3      | 2373 ||| STAIRDANCE
  2378 | D:3      | 2378 ||| FLEEEEING.
  2379 | D:3      | 2379 ||| STAIRDANCE
  2384 | D:3      | 2384 ||| FLEEEEING.
  2385 | D:3      | 2385 ||| STAIRDANCE
  2394 | D:3      | 2394 ||| STAIRDANCE
  2445 | Sewer    | Entered a sewer
  2574 | Sewer    | Reached skill level 5 in Axes
  2675 | Sewer    | 2675 ||| DROPPING +0 mace.
  2722 | Sewer    | Noticed a kobold brigand
  2722 | Sewer    | Noticed a kobold brigand
  2726 | Sewer    | Killed a kobold brigand
  2727 | Sewer    | Reached XP level 6. HP: 39/39 MP: 6/6
  2801 | Sewer    | 2801 ||| READING scroll labelled PIERYO VESCHIA.
  2809 | D:3      | 2809 ||| PLANNING D:1-11
  2865 | D:3      | 2865 ||| Stepping ~*~*~tactically~*~*~ (stealth).
  3100 | D:3      | 3100 ||| Stepping ~*~*~tactically~*~*~ (stealth).
  3490 | D:3      | Found Moruroib's Assorted Antiques.
  3496 | D:3      | 3496 ||| BUYING blue potion (19 gold).
  3496 | D:3      | Bought a blue potion for 19 gold pieces
  3496 | D:3      | 3496 ||| BUYING scroll labelled XEBOWKOIDE (22 gold).
  3496 | D:3      | Bought a scroll labelled XEBOWKOIDE for 22 gold pieces
  3552 | D:3      | 3552 ||| READING scroll labelled MUFUCO RITAARPH.
  3553 | D:3      | 3553 ||| READING scroll labelled XEBOWKOIDE.
  3721 | D:4      | 3721 ||| Stepping ~*~*~tactically~*~*~ (stealth).
  3722 | D:4      | 3722 ||| Stepping ~*~*~tactically~*~*~ (stealth).
  3723 | D:4      | 3723 ||| Stepping ~*~*~tactically~*~*~ (stealth).
  3725 | D:4      | 3725 ||| Stepping ~*~*~tactically~*~*~ (stealth).
  3728 | D:4      | 3728 ||| Stepping ~*~*~tactically~*~*~ (stealth).
  3893 | D:4      | 3893 ||| Stepping ~*~*~tactically~*~*~ (stealth).
  3895 | D:4      | 3895 ||| Stepping ~*~*~tactically~*~*~ (stealth).
  3901 | D:4      | Reached skill level 6 in Axes
  3901 | D:4      | Reached XP level 7. HP: 44/44 MP: 7/7
  3903 | D:4      | Reached skill level 1 in Dodging
  4019 | D:4      | 4019 ||| Stepping ~*~*~tactically~*~*~ (stealth).
  4176 | D:4      | Found a staircase to the Ecumenical Temple.
  4177 | D:4      | 4177 ||| PLANNING TEMPLE
  4177 | D:4      | 4177 ||| DRINKING 2 dark potions.
  4177 | D:4      | Gained mutation: You are strong-willed. (Will+) [potion of
                  | mutation]
  4187 | Temple   | Entered the Ecumenical Temple
  4361 | Temple   | 4361 ||| PLANNING D:1-11
  4377 | Temple   | Became a worshipper of Warmaster Okawaru
  4528 | D:4      | 4528 ||| READING scroll of enchant weapon.
  4528 | D:4      | 4528 ||| ENCHANTING +1 war axe.
  4647 | D:4      | Noticed Natasha
  4659 | D:4      | Killed Natasha
  4926 | D:4      | Noticed Natasha
  4934 | D:4      | Killed Natasha
  5052 | D:4      | 5052 ||| READING 2 scrolls of identify.
  5052 | D:4      | 5052 ||| IDENTIFYING fizzy purple potion
  5053 | D:4      | 5053 ||| DROPPING potion of invisibility.
  5073 | D:5      | Entered Level 5 of the Dungeon
  5188 | D:5      | Noticed Pikel
  5191 | D:5      | HP: 10/44 [gnoll/+0 whip (2)]
  5192 | D:5      | 5192 ||| READING 3 scrolls of teleportation.
  5193 | D:5      | 5193 ||| DRINKING 3 potions of heal wounds.
  5494 | D:5      | Reached skill level 7 in Axes
  5643 | D:5      | HP: 9/44 [Pikel/+0 whip of flaming (5)]
  5644 | D:5      | 5644 ||| READING 2 scrolls of teleportation.
  5644 | D:5      | Slain by Pikel

Levels and vault maps discovered:
D:1:      matt_arrival_los_fun, layout_basic,
          shapermc_ecumenical_altar_hornbeckon, st_stairs_11,
          chequers_serial_rivers_small_a
D:2:      layout_loops_cross, kennysheep_generic_room_5, uniq_robin
D:3:      layout_basic, serial_shops, nicolae_shop_stone,
          cheibrodos_sewer_entry_bend
D:4:      minmay_recursive_quarters, layout_basic, minmay_temple_entry_wispy,
          uniq_natasha
D:5:      layout_basic, uniq_pikel
Temple:   nicolae_temple_bog_church

Skill      XL: |  1  2  3  4  5  6  7 |
---------------+----------------------+-----
Axes           | 2 3 4 5 6 7 |  7.1
Fighting       | 4 5 |  5.1
Dodging        | 1 |  1.2
Armour         | |  3.2
Shields        | |  3.2

Action                   |  1- 3 |  4- 6 |  7- 9 || total
-------------------------+-------+-------+-------++-------
Melee: War axe           |    81 |   208 |    97 ||   386
  Use: Scroll            |     4 |     7 |     4 ||    15
       Potion            |       |     3 |     2 ||     5
Armor: Scale mail        |    45 |   123 |    67 ||   235
Dodge: Dodged            |    33 |    87 |    62 ||   182
Block: Buckler           |    18 |    45 |    12 ||    75

Table legend:
 A = Non-vault XP
 B = Vault XP
 C = Vault XP percentage of total XP
 D = Non-vault monster count
 E = Vault monster count
 F = Vault count percentage of total count
                 A         B        C        D         E       F
            +---------+---------+-------+---------+---------+-------
      Total |     677 |     492 |  42.1 |      76 |      53 |  41.1
            +---------+---------+-------+---------+---------+-------
        D:1 |      64 |       6 |   8.6 |      22 |       4 |  15.4
        D:2 |      62 |      45 |  42.1 |      16 |      11 |  40.7
        D:3 |     161 |       5 |   3.0 |      22 |       1 |   4.3
        D:4 |      53 |     195 |  78.6 |       9 |       8 |  47.1
        D:5 |     337 |       0 |   0.0 |       7 |       0 |   0.0
      Sewer |       0 |     241 | 100.0 |       0 |      29 | 100.0
            +---------+---------+-------+---------+---------+-------
